 Dungeon Crawl Stone Soup version 0.26.1-11-gd32895ea62 (webtiles) character file.

Game seed: 5772751011089209106

3586 buriedalive the Frost Mage (level 9, -1/42 (45) HPs)
             Began as a Deep Elf Ice Elementalist on May 21, 2021.
             Was a Follower of Ashenzari.
             Slain by a wight
             ... wielding a +5 halberd of freezing
              (20 damage)
             ... on level 9 of the Dungeon.
             The game lasted 00:20:19 (11304 turns).

buriedalive the Frost Mage (DEIE)                  Turns: 11304, Time: 00:20:20

HP:   -1/42 (45)    AC: 17    Str:  5    XL:     9   Next: 85%
MP:   12/18         EV: 20    Int: 24    God:    Ashenzari [*.....]
Gold: 493           SH:  5    Dex: 15    Spells: 7/18 levels left

rFire    x . .     SeeInvis .   p - +4 short sword (curse)
rCold    + . .     Faith    .   (no shield)
rNeg     . . .     Spirit   .   a - +0 robe
rPois    +         Reflect  +   (helmet restricted)
rElec    .         Harm     .   x - +0 cloak
rCorr    .         Rampage  .   w - +2 pair of gloves
Will     .....                  u - +0 pair of boots
Stlth    ++........             d - amulet of reflection
HPRegen  0.14/turn              C - ring of ice
MPRegen  0.16/turn              q - ring of wizardry

@: icy armour, frozen ramparts, drained
A: horns 1, poison resistance, MP-powered wands
a: Renounce Religion, Curse Item, Scrying


You were on level 9 of the Dungeon.
You worshipped Ashenzari.
Ashenzari was aware of your devotion.
You visited 2 branches of the dungeon, and saw 10 of its levels.

You collected 493 gold pieces.

Inventory:

Hand Weapons
 b - a +0 dagger
 p - a cursed +4 short sword (weapon)
Missiles
 e - 279 stones
 h - 42 poisoned darts (quivered)
Armour
 a - a +0 robe (worn)
 u - a +0 pair of boots (worn)
 w - a +2 pair of gloves (worn)
 x - a +0 cloak (worn)
Jewellery
 d - an amulet of reflection (around neck)
 g - an uncursed ring of protection from cold
 q - a ring of wizardry (right hand)
 r - an uncursed ring of flight
 B - a +6 ring of strength
 C - a ring of ice (left hand)
Wands
 o - a wand of flame (12)
 v - a wand of enslavement (10)
 y - a wand of digging (7)
 z - a wand of paralysis (16)
 G - a wand of iceblast (5)
Scrolls
 c - a scroll of torment
 i - 2 scrolls of blinking
 k - 3 scrolls of teleportation
 E - 2 scrolls of remove curse
 H - a scroll of enchant weapon
 I - a scroll of fog {unknown}
Potions
 f - a potion of ambrosia {unknown}
 j - a potion of experience {unknown}
 l - 3 potions of curing
 m - a potion of attraction
 n - a potion of flight {unknown}
 s - 4 potions of brilliance
 t - a potion of haste
 A - a potion of degeneration {unknown}
 D - a potion of berserk rage {unknown}
 F - a potion of cancellation {unknown}


   Skills:
 + Level 10.9 Dodging
 - Level 2.4 Stealth
 - Level 5.0 Spellcasting
 - Level 5.0 Summonings
 + Level 11.0 Ice Magic


You had 7 spell levels left.
You knew the following spells:

 Your Spells              Type           Power        Failure   Level
a - Freeze                Ice            100%         1%          1
b - Frozen Ramparts       Ice            100%         1%          3
c - Ozocubu's Armour      Ice            73%          1%          3
d - Summon Ice Beast      Ice/Summ       61%          1%          4

Your spell library contained the following spells:

 Spells                   Type           Power        Failure   Level
 Ensorcelled Hibernation  Hex/Ice        96%          1%          2
 Corona                   Hex            6%           3%          1
 Hailstorm                Conj/Ice       48%          3%          4
 Confusing Touch          Hex            6%           11%         3
 Dazzling Flash           Conj/Hex       12%          11%         3
 Tukima's Dance           Hex            6%           11%         3


Dungeon Overview and Level Annotations

Branches:
Dungeon (9/15)             Temple (1/1) D:6
   Lair: D:8-11         Orc: D:9-12

Altars:
Ashenzari
Gozag
Kikubaaqudgha
Makhleb
Nemelex Xobeh
Okawaru
Sif Muna
Trog
Wu Jian
Xom
Yredelemnul

Shops:
D:5 :

Annotations:
D:6 Maggie
D:8 Harold


Innate Abilities, Weirdness & Mutations

You have a pair of small horns on your head.
Your system is resistant to poisons. (rPois)
You expend magic power (3 MP) to strengthen your wands.


Message History

You barely miss the wight. Your headbutt misses the wight.
The wight is heavily damaged.
The wight resists.
The wall freezes the wight.
The wight completely misses you.
The wight completely resists.
The wall freezes the wight but does no damage.
The wight barely misses you.
You barely miss the wight.
The wight is heavily damaged.
The wight resists.
The wall freezes the wight.
The wight closely misses you.
The wight resists.
The wall freezes the wight.
The wight hits you from afar with a +5 halberd of freezing!
You feel drained. The wight freezes you.
You closely miss the wight.
You headbutt the wight, but do no damage.
The wight is severely damaged.
The wight resists.
The wall freezes the wight.
You block the wight's attack.
The wight completely resists.
The wall freezes the wight but does no damage.
The wight hits you from afar with a +5 halberd of freezing!!
You die...

#................#
########................#
........................#######
...............................
.........z.............<....>..
........########.########++####
........# #z# ........# #z#
....z...# #@# ....z...# #.#
........# #.# ........# #.#
........# #.# ........# #.+ ..+
###


You could see 2 wights.

Vanquished Creatures
  Sigmund (D:6)
  Grum (D:8)
  Menkaure (D:6)
  Edmund (D:6)
  A water moccasin (D:6)
  Duvessa (D:6)
  2 ice beasts (D:7)
  An orc warrior (D:6)
  A sky beast (D:6)
  3 ogres
  2 wolves (D:8)
  A centaur (D:7)
  A bullfrog (Temple)
  7 scorpions
  Dowan (D:6)
  8 wights
  3 orc priests
  A centaur zombie (D:7)
  2 hounds
  6 orc wizards
  2 bullfrog skeletons (D:6)
  Terence (D:2)
  2 iguanas (D:6)
  Natasha (thrice) (D:2)
  3 worker ants
  A hound skeleton (D:7)
  13 adders
  3 oozes
  2 worms
  2 dart slugs
  A leopard gecko (D:1)
  20 orcs
  10 giant cockroaches
  9 goblins
  10 hobgoblins
  9 jackals
  5 kobolds
  4 quokkas
  8 bats
  7 frilled lizards
  A leopard gecko skeleton (D:4)
  A quokka zombie (D:7)
  5 rats
167 creatures vanquished.

Vanquished Creatures (collateral kills)
  Pikel (D:7)
  A lemure (D:7)
  A jackal (D:6)
3 creatures vanquished.

Grand Total: 170 creatures vanquished

Notes
Turn   | Place    | Note
-------+----------+-------------------------------------------
     0 | D:1      | buriedalive the Deep Elf Ice Elementalist began the quest
                  | for the Orb.
     0 | D:1      | Reached XP level 1. HP: 10/10 MP: 6/6
   177 | D:1      | Reached XP level 2. HP: 10/15 MP: 6/8
  1025 | D:1      | You fall into a shaft and drop 1 floor!
  1118 | D:2      | Reached XP level 3. HP: 17/19 MP: 6/10
  1382 | D:2      | Noticed Terence
  2365 | D:2      | Reached skill level 5 in Ice Magic
  2493 | D:2      | Reached XP level 4. HP: 24/24 MP: 10/12
  2624 | D:2      | Noticed Natasha
  2639 | D:2      | Killed Natasha
  2661 | D:2      | Killed Terence
  2793 | D:2      | Noticed Natasha
  2798 | D:2      | Killed Natasha
  2799 | D:2      | Reached XP level 5. HP: 19/28 MP: 10/14
  3146 | D:2      | Found a faded altar of an unknown god.
  3151 | D:2      | Noticed Natasha
  3162 | D:2      | Killed Natasha
  3163 | D:2      | Reached skill level 5 in Spellcasting
  3419 | D:2      | Learned a level 3 spell: Frozen Ramparts
  3423 | D:2      | Learned a level 3 spell: Ozocubu's Armour
  4409 | D:4      | Noticed an ogre
  4415 | D:4      | Reached skill level 5 in Dodging
  4415 | D:4      | Reached skill level 6 in Ice Magic
  4415 | D:4      | Reached XP level 6. HP: 25/32 MP: 7/15
  4625 | D:4      | Reached XP level 7. HP: 36/36 MP: 11/16
  4692 | D:4      | Found a shimmering altar of Xom.
  5092 | D:4      | Reached skill level 7 in Ice Magic
  5143 | D:4      | Learned a level 4 spell: Summon Ice Beast
  5461 | D:5      | Entered Level 5 of the Dungeon
  5472 | D:5      | Reached skill level 1 in Summonings
  5803 | D:5      | Found Zoass's Book Shoppe.
  6098 | D:6      | Found an ornate altar of the Wu Jian Council.
  6148 | D:6      | Noticed Menkaure
  6352 | D:6      | Found a staircase to the Ecumenical Temple.
  6361 | D:6      | Noticed Sigmund
  6362 | Temple   | Entered the Ecumenical Temple
  6370 | Temple   | Became a worshipper of Ashenzari the Shackled
  6379 | D:6      | Noticed Duvessa
  6382 | D:6      | Noticed Dowan
  6390 | Temple   | Reached XP level 8. HP: 31/41 MP: 13/17
  6921 | D:6      | Killed Menkaure
  6922 | D:6      | Reached skill level 8 in Ice Magic
  7083 | D:6      | Noticed Edmund
  7092 | D:6      | Killed Edmund
  7242 | D:6      | Killed Dowan
  7244 | D:6      | Killed Sigmund
  7575 | D:7      | Gained mutation: Potions are less effective at restoring
                  | your health. [potion of mutation]
  7575 | D:7      | Gained mutation: You are somewhat resistant to further
                  | mutation. [potion of mutation]
  7576 | D:7      | Lost mutation: You are somewhat resistant to further
                  | mutation. [potion of mutation]
  7576 | D:7      | Lost mutation: Potions are less effective at restoring your
                  | health. [potion of mutation]
  7576 | D:7      | Gained mutation: You expend magic power (3 MP) to
                  | strengthen your wands. [potion of mutation]
  7576 | D:7      | Gained mutation: Your system is resistant to poisons.
                  | (rPois) [potion of mutation]
  7576 | D:7      | Gained mutation: You have a pair of small horns on your
                  | head. [potion of mutation]
  8102 | D:7      | Noticed Pikel
  8119 | D:7      | Killed Pikel
  8120 | D:7      | Reached skill level 5 in Summonings
  8120 | D:7      | Reached skill level 9 in Ice Magic
  8120 | D:7      | Reached XP level 9. HP: 45/45 MP: 5/18
  8524 | D:7      | Found an opulent altar of Gozag.
  8544 | D:7      | Found a bloodstained altar of Trog.
  8600 | D:7      | Found an iron altar of Okawaru.
  8607 | D:7      | Found a basalt altar of Yredelemnul.
  9556 | D:7      | Reached skill level 10 in Ice Magic
  9699 | D:7      | Reached skill level 10 in Dodging
  9958 | D:6      | Killed Duvessa
 10508 | D:6      | Noticed Maggie
 10865 | D:8      | Noticed Grum
 10879 | D:8      | HP: 2/45 [Grum/-2 spear (4)]
 10887 | D:8      | Killed Grum
 10897 | D:8      | Noticed Harold
 10899 | D:9      | Reached * piety under Ashenzari
 11301 | D:9      | Reached skill level 11 in Ice Magic
 11304 | D:9      | Slain by a wight

Illustrated notes

Levels and vault maps discovered:
D:1:      evilmike_arrival_rings, layout_basic, serial_rivers,
          chequers_serial_rivers_micro_e, chequers_serial_rivers_micro_a,
          chequers_serial_rivers_small_b, chequers_serial_rivers_marsh,
          chequers_serial_rivers_large_a, chequers_serial_rivers_small_b,
          minmay_misc_feat_encased
D:2:      layout_loops_ring, chequers_ecumenical_altar_island,
          kennysheep_generic_room_8, uniq_natasha, uniq_terence
D:3:      layout_rooms, nicolae_underground_beach
D:4:      layout_basic, lemuel_crystal_altar
D:5:      layout_basic, serial_shops, kennysheep_little_box
D:6:      layout_cave_pools, nicolae_overflow_crystal_walls,
          minmay_temple_entry_glass, uniq_menkaure, uniq_sigmund, uniq_duvessa,
          uniq_edmund, uniq_maggie
D:7:      layout_cave_pods, nicolae_overflow_quartered_altars, uniq_pikel
D:8:      layout_basic, enter_bailey_3, serial_shops, shop_fountains,
          minmay_misc_feat_square, grunt_gozag_statues, uniq_grum, uniq_psyche,
          uniq_harold
D:9:      layout_small_grid, gammafunk_temple_overflow_pools, erik_lair_dragon,
          kennysheep_dice
Temple:   dpeg_chambers_temple

Skill      XL: |  1  2  3  4  5  6  7  8  9 |
---------------+----------------------------+-----
Dodging        | 3 4 5 6 7 9 10 | 10.9
Spellcasting   | 4 5 |  5.0
Ice Magic      | 5 6 7 9 11 | 11.0
Summonings     | 2 5 |  5.0
Stealth        | |  2.4

Action                   |  1- 3 |  4- 6 |  7- 9 || total
-------------------------+-------+-------+-------++-------
Melee: Dagger            |    87 |    34 |       ||   121
       Short sword       |       |    31 |   192 ||   223
       Headbutt          |       |       |    20 ||    20
Throw: Dart              |       |     4 |     3 ||     7
 Cast: Freeze            |    27 |    54 |    54 ||   135
       Frozen Ramparts   |       |     3 |    27 ||    30
       Ozocubu's Armour  |       |     2 |    29 ||    31
       Summon Ice Beast  |       |       |     4 ||     4
Invok: Curse Item        |       |       |     1 ||     1
Evoke: Wand              |       |       |    10 ||    10
  Use: Scroll            |       |       |    20 ||    20
       Potion            |       |       |     4 ||     4
 Stab: Sleeping          |     6 |     4 |     5 ||    15
       Distracted        |       |       |     1 ||     1
Armor: Robe              |    31 |    17 |    53 ||   101
Dodge: Dodged            |    77 |    98 |   219 ||   394
Block: Other             |       |       |    48 ||    48
       Reflection        |       |       |     4 ||     4
